 Dungeon Crawl Stone Soup version 0.30-a0-341-g682706514a (webtiles) character file.

Game seed: 17281218774561071208

431 greasedhog the Ruffian (level 6, -5/62 HPs)
             Began as a Troll Fighter on Nov 5, 2022.
             Slain by an orc priest
             ... wielding a +0 flail
              (7 damage)
             ... on level 4 of the Dungeon.
             The game lasted 00:04:11 (2825 turns).

greasedhog the Ruffian (Troll Fighter)              Turns: 2825, Time: 00:04:11

Health: -5/62      AC:  4    Str: 25    XL:     6   Next: 66%
Magic:  5/5        EV:  8    Int:  6    God:
Gold:   200        SH:  7    Dex:  9    Spells: 5/5 levels left

rFire   . . .      SeeInvis .      - Unarmed
rCold   . . .      Faith    .    b - +0 kite shield
rNeg    . . .      Spirit   .    a - +0 robe
rPois   .          Reflect  .    (helmet restricted)
rElec   .          Harm     .    (no cloak)
rCorr   .          Rampage  .    (gloves unavailable)
Will    .....                    (boots unavailable)
Stlth   +.........               (no amulet)
HPRegen 1.10/turn                d - ring of flight
MPRegen 0.09/turn                (no ring)

@: flying
A: large, unfitting armour, claws 3, regeneration 1, shaggy fur 1, tough skin 1
a: no special abilities


You were on level 4 of the Dungeon.
You visited 1 branch of the dungeon, and saw 4 of its levels.

You collected 200 gold pieces.

Inventory:

Missiles
 f - 7 poisoned darts (quivered)
Armour
 a - a +0 robe (worn)
 b - a +0 kite shield (worn)
Jewellery
 d - a ring of flight (left claw)
Wands
 n - a wand of flame (31)
Scrolls
 e - 2 scrolls of immolation
 i - 2 scrolls of butterflies
 j - 2 scrolls of poison {unknown}
 m - a scroll of teleportation
 q - a scroll of enchant weapon {unknown}
Potions
 c - 3 potions of might
 g - 2 potions of curing {unknown}
 h - a potion of heal wounds {unknown}
 k - a potion of attraction {unknown}
 l - a potion of flight
 o - a potion of invisibility
 p - a potion of haste {unknown}
 s - a potion of resistance {unknown}


   Skills:
 + Level 3.8 Fighting
 - Level 2.4 Dodging
 + Level 4.1 Shields
 * Level 5.2 Unarmed Combat


You had 5 spell levels left.
You didn't know any spells.
Your spell library was empty.

Dungeon Overview and Level Annotations

Branches:
Dungeon (4/15)
 Temple: D:4-7

Altars:
Cheibriados
Hepliaklqana
Xom


Innate Abilities, Weirdness & Mutations

You are too large for most types of armour.
You have claws for hands.
Your natural rate of healing is unusually fast.
You are covered in fur. (AC +1)
You have tough skin. (AC +1)


Message History

The orc priest hits you with a +0 whip.
You scratch the orc priest.
The orc priest is severely wounded.
The orc priest mumbles some strange prayers to Beogh against you.
Pain shoots through your body!
You claw the orc priest!
You kill the orc priest!
The orc throws a boomerang of dispersal.
The boomerang of dispersal hits you.
You blink.
You scratch the orc priest but do no damage.
The orc priest hits you with a +0 flail.
You block the orc priest's attack.
You scratch the orc priest.
The orc priest is moderately wounded.
The orc priest invokes the aid of Beogh against you.
Beogh smites you! You block the orc priest's attack.
You closely miss the orc priest.
The orc priest is lightly wounded.
The orc priest hits you but does no damage.
You block the orc priest's attack. The orc completely misses you.
The orc hits you with a +0 war axe. The orc hits you with a +0 hand axe!
You scratch the orc priest.
The orc priest is severely wounded.
The orc priest barely misses you.
The orc priest looks braver for a moment.
You block the orc's attack. The orc hits you with a +0 flail.
* * * LOW HITPOINT WARNING * * *
The orc barely misses you.
You scratch the orc priest but do no damage.
The orc priest is severely wounded.
The orc priest mumbles some strange prayers to Beogh against you.
Pain shoots through your body!
* * * LOW HITPOINT WARNING * * *
The orc priest hits you but does no damage.
The orc closely misses you. You block the orc's attack.
The orc barely misses you.
You barely miss the orc priest.
The orc priest is severely wounded.
The orc priest hits you with a +0 flail!
You die...

#......#...##
#######.....##
#....... #.†..##. #
#......) ##.#######
#....... #........#
#....... #........#
######.[. #....o@o.#
#......## #....ooo.#
#...)..#
#........######......#
#.................[..#
########)######......#
#.#..<..#.#####
#.#.#.#.#.#
#.#.#.#.#.#
#.#.#.#.#.#


You could see 2 orc priests and 3 orcs.

Vanquished Creatures
  Grinder (D:3)
  2 scorpions (D:4)
  An orc priest (D:4)
  A gnoll (D:1)
  An adder (D:4)
  A white imp (D:4)
  An orc (D:3)
  7 ball pythons
  5 endoplasms
  3 giant cockroaches
  3 hobgoblins
  6 quokkas
  8 bats
  2 frilled lizards
  5 goblins
  4 kobolds
  10 rats
61 creatures vanquished.

Vanquished Creatures (others)
  2 plants (D:3)
2 creatures vanquished.

Grand Total: 63 creatures vanquished

Notes
Turn   | Place    | Note
-------+----------+-------------------------------------------
     0 | D:1      | greasedhog the Troll Fighter began the quest for the Orb.
     0 | D:1      | Reached XP level 1. HP: 22/22 MP: 0/0
   316 | D:1      | Reached XP level 2. HP: 29/29 MP: 1/1
   596 | D:1      | Reached XP level 3. HP: 36/36 MP: 2/2
  1298 | D:2      | Reached skill level 3 in Unarmed Combat
  1790 | D:3      | Found a faded altar of an unknown god.
  2238 | D:3      | Noticed Grinder
  2242 | D:3      | Killed Grinder
  2243 | D:3      | Reached skill level 4 in Unarmed Combat
  2243 | D:3      | Reached XP level 4. HP: 45/45 MP: 3/3
  2243 | D:3      | Reached XP level 5. HP: 53/53 MP: 4/4
  2449 | D:4      | Identified the +1 leather armour of Repulsion {Rampage rN++
                  | Int-2}
  2527 | D:4      | Reached XP level 6. HP: 35/61 MP: 5/5
  2667 | D:4      | Reached skill level 5 in Unarmed Combat
  2695 | D:4      | Found a snail-covered altar of Cheibriados.
  2701 | D:4      | Found a hazy altar of Hepliaklqana.
  2713 | D:4      | Found a shimmering altar of Xom.
  2824 | D:4      | HP: 1/62 [orc priest/nerve-wracking pain (14)]
  2825 | D:4      | Slain by an orc priest

Illustrated notes

Levels and vault maps discovered:
D:1:      nicolae_arrival_washed_ashore, layout_basic, st_stairs_5
D:2:      layout_basic
D:3:      layout_loops_ring, serial_bayou, serial_bayou_shore_b,
          serial_bayou_pond_b, serial_bayou_shore_a, serial_bayou_lake_a,
          basic_ecumenical_altar, uniq_grinder
D:4:      layout_basic, minmay_overflow_temple_star_quad,
          minmay_temple_entry_proselytizer, moated_statue

Skill      XL: |  1  2  3  4  5  6 |
---------------+-------------------+-----
Shields        | 3 4 |  4.1
Unarmed Combat | 4 5 |  5.2
Fighting       | 3 |  3.8
Dodging        | |  2.4

Action                   |  1- 3 |  4- 6 || total
-------------------------+-------+-------++-------
Melee: Unarmed           |   116 |    47 ||   163
  Use: Scroll            |     4 |     3 ||     7
Armor: Robe              |    44 |     9 ||    53
Dodge: Dodged            |    42 |    13 ||    55
Block: Kite shield       |    40 |    18 ||    58

Table legend: (Time is in decaauts)
 A = Elapsed time spent in this place.
 B = Non-inter-level travel time spent in this place.
 C = Inter-level travel time spent in this place.
 D = Time resting spent in this place.
 E = Time spent auto-exploring this place.
 F = Levels seen in this place.
 G = Mean time per level.
                   A        B        C        D        E       F      G
               +--------+--------+--------+--------+--------+-----+--------+
         Total |   2873 |   2747 |    126 |      7 |   2314 |   4 |  718.2 |
       Dungeon |   2873 |   2747 |    126 |      7 |   2314 |   4 |  718.2 |
               +--------+--------+--------+--------+--------+-----+--------+

Top non-repeatable levels by time:
     D:1: 1054 daAuts
     D:3: 817 daAuts
     D:2: 608 daAuts
     D:4: 393 daAuts
